 Dungeon Crawl Stone Soup version 0.31-a0-675-g238779eb0a (console) character file.

Game seed: 18183965470266697767

8484 petzl the Thaumaturge (level 11, -3/121 HPs)
             Began as a Formicid Delver on Sept 4, 2023.
             Was an Initiate of Vehumet.
             Slain by a red devil
             ... wielding a +0 demon trident of electrocution
              (18 damage)
             ... in a Gauntlet on Sept 5, 2023.
             The game lasted 01:00:51 (11685 turns).

petzl the Thaumaturge (Formicid Delver)            Turns: 11685, Time: 01:00:52

Health: -3/121     AC: 29    Str: 22    XL:     11   Next: 56%
Magic:  25/25      EV:  2    Int: 15    God:    Vehumet [......]
Gold:   170        SH:  5    Dex: 14    Spells: 23/30 levels left

rFire   . . .        a - +11 whip of Biokoe {spect, rC+ Int+3}
rCold   + . .        (no shield)
rNeg    . . .        u - melded +0 robe {rC+ rF+}
rPois   +            (helmet unavailable)
rElec   .            (cloak currently unavailable)
rCorr   .            (gloves currently unavailable)
SInv    .            (boots currently unavailable)
Will    ++...        q - amulet of reflection
Stlth   ++++         k - ring of willpower
HPRegen 0.40/turn    E - +4 ring of protection
MPRegen 0.19/turn

%: reflection, clarity
@: tree-form, spiked
A: stationary, stasis, torment immunity, boosted hp, permanent stasis, dig
shafts and tunnels, (antennae 3), four strong arms, (talons 1), (iridescent
scales 1), clarity, strong 1
a: Renounce Religion


You were in a Gauntlet.
You worshipped Vehumet.
Vehumet was noncommittal.
You were a tree.
You visited 2 branches of the dungeon, and saw 16 of its levels.
You also visited: Bailey and Gauntlet.

You collected 478 gold pieces.
You spent 308 gold pieces at shops.

Inventory:

Hand Weapons
 a - the +11 whip of Biokoe (weapon) {spect, rC+ Int+3}
   (You found it on level 4 of the Dungeon)

   Int+3:     It affects your intelligence (+3).
   rC+:       It protects you from cold.
 b - a +1 shortbow of freezing
 c - the +6 long sword "Taabb" {holy, Dex+3}
   (You found it on level 2 of the Dungeon)

   Dex+3:     It affects your dexterity (+3).
 n - a +0 sling
 v - a +3 scimitar
 z - a +0 orcbow
 F - a +4 flail of freezing
 H - a +4 spear of venom {!f =f}
Missiles
 j - 6 javelins
 x - 3 throwing nets
 G - 23 poisoned darts (quivered)
 J - a curare-tipped dart
Armour
 t - a +0 leather armour
 u - a +0 robe of resistance (melded)
Jewellery
 k - a ring of willpower (left branch)
 q - an amulet of reflection (around neck)
 B - a ring of protection from cold
 C - a ring of magical power
 E - a +4 ring of protection (right branch)
 I - a ring of ice
Wands
 f - a wand of digging (3)
 K - a wand of charming (3)
Scrolls
 e - 2 scrolls of fear
 h - a scroll of immolation {unknown}
 i - a scroll of butterflies
 o - a scroll of amnesia
 p - a scroll of noise
 s - a scroll of torment
 w - a scroll of fog
 y - a scroll of poison
 L - a scroll of blinking {unknown}
Potions
 d - a potion of haste {unknown}
 g - 2 potions of curing
 r - a potion of mutation
 A - a potion of degeneration {unknown}
 D - a potion of magic {unknown}


   Skills:
 - Level 6.0 Fighting
 - Level 3.0 Maces & Flails
 - Level 3.0 Ranged Weapons
 + Level 7.1 Armour
 - Level 6.0 Dodging
 - Level 8.0 Stealth
 - Level 10.0 Spellcasting
 + Level 3.2 Conjurations
 + Level 3.5 Fire Magic
 + Level 2.6 Air Magic
 + Level 4.3 Poison Magic
 - Level 3.0 Evocations


You had 23 spell levels left.
You knew the following spells:

 Your Spells              Type           Power      Damage    Failure   Level
m - Mephitic Cloud        Conj/Pois/Air  17%        N/A       7%          3
s - Sticky Flame          Conj/Fire      17%        2d4       24%         4

Your spell library contained the following spells:

 Spells                   Type           Power      Damage    Failure   Level
 Magic Dart               Conj           68%        1d6       2%          1
 Call Imp                 Summ           14%        N/A       14%         2
 Inner Flame              Hex/Fire       12%        N/A       14%         3
 Flame Wave               Conj/Fire      17%        2d7       24%         4


Dungeon Overview and Level Annotations

Branches:
Dungeon (15/15)            Temple (1/1) D:4          Vaults (0/5) D:13
 Bailey (visited)         Gauntlet (1/1)
   Lair: D:8-11         Orc: D:9-12      Depths: D:15

Altars:
Ashenzari
Cheibriados
Dithmenos
Elyvilon
Fedhas
Gozag
Hepliaklqana
Kikubaaqudgha
Makhleb
Nemelex Xobeh
Okawaru
Ru
Sif Muna
Trog
Uskayaw
Vehumet
Wu Jian
Xom
Yredelemnul
Zin
The Shining One

Shops:
D:1 =((   D:4 :

Annotations:
D:3 2 transporters, Midpoint's ghost, weakling DgSh
D:8 exclusion: downstairs, Amaemon
D:9 3 runed translucent doors, exclusion: downstairs, dxb338's ghost, journeyman FeSh
D:11 exclusion: tengu warrior
D:13 exclusion: 2 sensed monsters (detected) Gauntlet 9 transporters, exclusion: oklob plant


Innate Abilities, Weirdness & Mutations

You are a tree.
Your roots penetrate the ground, keeping you stationary.
You cannot be teleported.
You are immune to unholy pain and torment.
Your maximum health is greatly increased.
Your equipment is partially melded.
You cannot be hasted, slowed, berserked, paralysed or teleported.
You can dig through walls and to a lower floor.
((You have a pair of large antennae on your head. (SInv)))
Your four strong arms can wield two-handed weapons with a shield.
((You have sharp toenails.))
((You are partially covered in iridescent scales. (AC +2)))
You possess an exceptional clarity of mind.
Your muscles are strong. (Str +4, Int/Dex -1)


Message History

* * * LOW HITPOINT WARNING * * *
Barbed spikes become lodged in your body.
Unknown command.
You feel better.
The red devil hits you from afar with a +0 demon trident of electrocution!
* * * LOW HITPOINT WARNING * * *
Barbed spikes become lodged in your body.
Okay, then.
Unknown command.
Unknown command.
Unknown command.
Unknown command.
Unknown command.
Unknown command.
Unknown command.
The barbs in your skin will harm you if you move.
Continue?
Okay, then.
Unknown command.
Unknown command.
You feel better. You block the red devil's attack.
The barbs in your skin will harm you if you move.
Continue?
The barbed spikes dig painfully into your body as you move.
* * * LOW HITPOINT WARNING * * *
The red devil closely misses you.
Really quaff the potion of lignification?
You turn into a tree.
Your +0 robe of resistance melds into your body.
You feel hot and cold all over.
Your roots penetrate the ground.
The red devil hits you with a +0 demon trident of electrocution!
* * * LOW HITPOINT WARNING * * *
Barbed spikes become lodged in your body.
You miss the red devil.
Your +11 whip of Biokoe {spect, rC+ Int+3} hits the red devil!
The red devil hits you but does no damage.
You are electrocuted!
* * * LOW HITPOINT WARNING * * *
You feel better.
Your +11 whip of Biokoe {spect, rC+ Int+3} disappears.
The red devil hits you with a +0 demon trident of electrocution!!
You die...

##.##..3#...#.#..#..#.#...#.#..#©^#.#
...##.###©.©#©P######.#©.©#©.#####..#
##....###...#!#..#©.#.#...#!#..#..#.#
##.##..3#####....#....#####.#..#..#.#
#.###.###...#...###..D#...#..##^##..#
##..©##.#...#........D#...#........5#
#########...###########...###########
..........§§............≈............
.........§8≈...........≈8≈........∩..
..........≈.............≈............
#########§§.###########...###########
........#...#....≈....#...#.........#
#.....#.#...#§§.≈≈.≈≈≈#...#.P.P..P..#
.##.##..#####..≈..§≈..#####..#...#P.#
.##.##..#...#.≈.§§.§§.#...#...P.P...#
.#.©.#..#©.©#©..§§.§≈.#©.©#©...©....#
.##.##..#...#)..≈§.§§≈#...#.........#
.##.##.G#####≈.≈..≈..≈#####).#...#.†#
#.....#.#...#.≈≈≈.♣4≈.#...#.....P...#
.......u#.8.#[...≈≈©..#.8.#.........#
#########...###########...###########
.....................................
.....................................
#####################################
#8# #8# #8# #8# #8# #8# #8# #8# #8# #
### ### ### ### ### ### ### ### ### #


You could see a red devil.

Vanquished Creatures
  A two-headed ogre (D:9)
  A boulder beetle (D:9)
  An ugly thing (D:13)
  A cyclops (D:8)
  A smoke demon (Gauntlet)
  A troll (D:11)
  A jumping spider (shapeshifter) (D:13)
  A slime creature (D:13)
  A wyvern (D:8)
  4 yaks (D:11)
  Eustachio (D:5)
  2 vampire mosquitoes (D:11)
  3 swamp worms (Gauntlet)
  3 ice beasts
  A sky beast (D:7)
  A black bear (D:6)
  3 orc warriors
  3 ogres
  7 centaurs
  2 phantoms
  4 kobold brigands
  2 gnoll sergeants (D:6)
  2 bullfrogs
  18 wights
  7 killer bees
  A howler monkey (D:9)
  3 crimson imps (Gauntlet)
  An orc priest (D:4)
  A jelly (D:8)
  A hound (D:6)
  Natasha (thrice) (D:3)
  4 iguanas
  3 orc wizards
  12 gnolls
  6 adders
  2 shadow imps (D:6)
  A white imp (D:6)
  An ufetubus (D:7)
  4 dart slugs
  28 orcs
  5 endoplasms
  5 giant cockroaches
  6 goblins
  8 hobgoblins
  8 jackals
  19 kobolds
  5 quokkas
  7 ball pythons
  3 bats
  6 frilled lizards
  5 rats
220 creatures vanquished.

Vanquished Creatures (others)
  A sleepcap (D:6)
1 creature vanquished.

Grand Total: 221 creatures vanquished

Notes
Turn   | Place    | Note
-------+----------+-------------------------------------------
     0 | D:5      | petzl the Formicid Delver began the quest for the Orb.
     0 | D:5      | Reached XP level 1. HP: 18/18 MP: 1/1
    24 | D:6      | Found a faded altar of an unknown god.
    43 | D:6      | Noticed a hound
    63 | D:5      | Noticed an ice beast
    86 | D:4      | Noticed an ogre
   312 | D:2      | Reached skill level 1 in Spellcasting
   505 | D:2      | Reached XP level 2. HP: 24/24 MP: 2/4
   529 | D:2      | Found a faded altar of an unknown god.
   573 | D:1      | Found Boojefil's Jewellery Boutique.
   651 | D:1      | Reached skill level 2 in Spellcasting
   670 | D:1      | Found Daroromm's Weapon Shop.
   680 | D:1      | Reached XP level 3. HP: 26/29 MP: 6/6
   806 | D:1      | Found Notoaw's Weapon Shoppe.
   873 | D:1      | Reached skill level 3 in Spellcasting
  1302 | D:2      | Reached XP level 4. HP: 25/35 MP: 8/8
  1562 | D:2      | Identified the +6 long sword "Taabb" {holy, Dex+3}
  1921 | D:3      | Found a transporter.
  1962 | D:3      | Noticed Natasha
  1967 | D:3      | Killed Natasha
  1968 | D:3      | Reached skill level 4 in Spellcasting
  1968 | D:3      | Reached XP level 5. HP: 38/41 MP: 9/11
  2162 | D:3      | Found a transporter.
  2208 | D:3      | Noticed Natasha
  2217 | D:3      | Killed Natasha
  2330 | D:3      | Noticed Midpoint's ghost (weakling DgSh)
  2428 | D:3      | Noticed Natasha
  2442 | D:3      | Killed Natasha
  2443 | D:3      | Reached skill level 5 in Spellcasting
  2623 | D:4      | Found Ikhlitwe's Book Shop.
  2651 | D:4      | Reached XP level 6. HP: 47/47 MP: 12/14
  2686 | D:4      | Reached skill level 6 in Spellcasting
  2753 | D:4      | Upgraded the game from 0.31-a0-667-g39726597b9 to
                  | 0.31-a0-675-g238779eb0a
  2755 | D:4      | Reached XP level 7. HP: 27/52 MP: 17/17
  2889 | D:4      | Found a staircase to the Ecumenical Temple.
  2904 | Temple   | Entered the Ecumenical Temple
  2935 | D:4      | Reached skill level 7 in Spellcasting
  2946 | D:4      | Identified the +11 whip of Biokoe {spect, rC+ Int+3}
  3366 | D:4      | Reached skill level 8 in Spellcasting
  3650 | D:5      | Reached XP level 8. HP: 50/58 MP: 20/20
  4045 | D:5      | Reached skill level 9 in Spellcasting
  4210 | D:5      | Noticed Eustachio
  4225 | D:5      | Killed Eustachio
  4412 | D:6      | Reached skill level 10 in Spellcasting
  4412 | D:6      | Found a bloodstained altar of Trog.
  4717 | D:6      | Found a radiant altar of Vehumet.
  4725 | D:6      | Reached XP level 9. HP: 64/64 MP: 23/23
  4737 | D:6      | Reached skill level 1 in Armour
  4737 | D:6      | Reached skill level 1 in Evocations
  4846 | D:6      | Reached skill level 1 in Ranged Weapons
  5106 | D:6      | You fall into a shaft and drop 2 floors!
  5724 | D:9      | Found a hazy altar of Hepliaklqana.
  5752 | D:9      | Noticed a tengu conjurer
  5752 | D:9      | Noticed dxb338's ghost (journeyman FeSh)
  5756 | D:9      | Noticed a harpy
  5758 | D:9      | Found a flagged portal.
  5775 | Bailey   | Entered a bailey
  5994 | Bailey   | Noticed an orc knight
  5994 | Bailey   | Noticed an orc knight
  5994 | Bailey   | Noticed an orc knight
  6101 | D:9      | Noticed a boulder beetle
  6160 | D:8      | Noticed an orange demon
  6256 | D:6      | You fall into a shaft and drop 3 floors!
  6477 | D:10     | Entered Level 10 of the Dungeon
  6568 | D:6      | You fall into a shaft and drop 3 floors!
  7216 | D:7      | Reached XP level 10. HP: 73/73 MP: 24/24
  7221 | D:7      | Reached skill level 5 in Fighting
  7497 | D:7      | Found a shimmering blue altar of Sif Muna.
  7778 | D:8      | Found a broken altar of Ashenzari.
  7884 | D:8      | Noticed Amaemon
  7894 | D:9      | Noticed a two-headed ogre
  8113 | D:9      | Killed a boulder beetle
  8114 | D:9      | Reached skill level 5 in Armour
  8114 | D:9      | Reached skill level 5 in Dodging
  8302 | D:9      | Found a snail-covered altar of Cheibriados.
  8308 | D:9      | Found a runed translucent gate.
  8309 | D:9      | Found a runed translucent gate.
  8314 | D:9      | Found a runed translucent gate.
  8323 | D:9      | Found a shadowy altar of Dithmenos.
  9158 | D:8      | Noticed a cyclops
  9358 | D:4      | Bought a book of Flames for 308 gold pieces
  9363 | D:4      | Learned a level 4 spell: Sticky Flame
  9448 | D:6      | Became a worshipper of Vehumet
  9584 | D:8      | Reached skill level 1 in Fire Magic
  9661 | D:8      | Learned a level 3 spell: Mephitic Cloud
  9884 | D:8      | Killed a cyclops
  9885 | D:8      | Reached skill level 1 in Conjurations
  9885 | D:8      | Reached skill level 1 in Poison Magic
 10107 | D:9      | Killed a two-headed ogre
 10108 | D:9      | Reached skill level 1 in Air Magic
 10108 | D:9      | Reached XP level 11. HP: 81/81 MP: 17/25
 10207 | D:9      | You fall into a shaft and drop 3 floors!
 10760 | D:11     | Noticed a tengu warrior
 10796 | D:13     | Noticed a cyan ugly thing
 10814 | D:13     | Killed a cyan ugly thing
 10826 | D:13     | You fall into a shaft and drop 2 floors!
 10826 | D:15     | Entered Level 15 of the Dungeon
 11039 | D:13     | Found a gate to the Vaults.
 11039 | D:13     | Noticed a death drake
 11139 | D:13     | Found a gate leading to a gauntlet.
 11148 | Gauntlet | Entered a Gauntlet
 11148 | Gauntlet | Noticed a soul eater
 11148 | Gauntlet | Found a transporter.
 11148 | Gauntlet | Found a transporter.
 11176 | Gauntlet | Found a transporter.
 11180 | Gauntlet | Found a transporter.
 11192 | Gauntlet | Found a transporter.
 11194 | Gauntlet | Found a transporter.
 11203 | Gauntlet | Noticed a great orb of eyes
 11210 | Gauntlet | Found a transporter.
 11221 | Gauntlet | Noticed a cyan ugly thing
 11226 | Gauntlet | Noticed a sixfirhy
 11234 | Gauntlet | Noticed a sixfirhy
 11244 | Gauntlet | Found a transporter.
 11244 | Gauntlet | Found a transporter.
 11244 | Gauntlet | Noticed an oklob plant
 11255 | Gauntlet | Found a transporter.
 11259 | Gauntlet | Found a transporter.
 11320 | Gauntlet | Found a transporter.
 11576 | Gauntlet | Gained mutation: You have sharp toenails. [potion of
                  | mutation]
 11576 | Gauntlet | Gained mutation: You are partially covered in iridescent
                  | scales. (AC +2) [potion of mutation]
 11576 | Gauntlet | Gained mutation: You possess an exceptional clarity of
                  | mind. [potion of mutation]
 11576 | Gauntlet | Gained mutation: Your muscles are strong. (Str +4, Int/Dex
                  | -1) [potion of mutation]
 11684 | Gauntlet | HP: 4/121 [red devil/+0 demon trident of electrocution
                  | (13)]
 11685 | Gauntlet | Slain by a red devil

Illustrated notes

Levels and vault maps discovered:
D:1:      zelgadis_glass_arrival_small, layout_basic, serial_shops, shop, shop,
          nicolae_shop_window_shopping
D:2:      layout_loops_ring, shapermc_ecumenical_altar_totnotflames,
          amcnicky_mini_rare_corridor_liquid, minmay_hexomino_f4
D:3:      layout_basic, gammafunk_ghost_mausoleum, uniq_natasha
D:4:      layout_basic, minmay_temple_entry_slanted, serial_shops,
          nicolae_shop_crystal, nicolae_concentric_dashed_squares_wild
D:5:      layout_loops_ring, uniq_eustachio
D:6:      layout_cave_pools, mainiacjoe_overflow_tiny_flanked,
          fiery_altar_vehumet, serial_column_ruins, column_ruins_hut,
          column_ruins_temple_circle, column_ruins_grid_1,
          column_ruins_open_tiny, column_ruins_columns_corner,
          column_ruins_corridor_dead_end, column_ruins_grid_1,
          column_ruins_open_tiny, nicolae_letterblocks [nicolae_letter_subblock,
          nicolae_letter_subblock, nicolae_letter_subblock,
          nicolae_letter_subblock, nicolae_letter_subblock,
          nicolae_letter_subblock, nicolae_letter_subblock,
          nicolae_letter_subblock, nicolae_letter_subblock,
          nicolae_letter_subblock, nicolae_letter_subblock,
          nicolae_letter_subblock, nicolae_letter_subblock,
          nicolae_letter_subblock, nicolae_letter_subblock,
          nicolae_letter_subblock, nicolae_letter_subblock,
          nicolae_letter_subblock, nicolae_letter_subblock,
          nicolae_letter_subblock, nicolae_letter_subblock,
          nicolae_letter_subblock, nicolae_letter_subblock,
          nicolae_letter_subblock, nicolae_letter_subblock]
D:7:      layout_rooms, led_sif_pool, lemuel_flame_loot_1
D:8:      layout_loops_ring, ashenzari_conservatory_becter, minmay_starry_boxes,
          uniq_amaemon
D:9:      layout_roguey, kennysheep_slug_shrine, lemuel_round_altar,
          lemuel_doored_altar, enter_bailey_5, gammafunk_ghost_split,
          nicolae_the_louvre
D:10:     layout_big_octagon, kennysheep_mini_moat, grunt_ministairs_7
D:11:     layout_basic, lair_entry_dummy, orc_0_dummy, nrook_loot_triangle
D:12:     layout_stronghold, uniq_snorg
D:13:     layout_long_grid, hellmonk_vaults_attempted_burglary,
          hellmonk_ghost_big_iron, gauntlet_entry_generic, uniq_azrael
D:14:     layout_rooms, serial_co_window_serial, co_window_paths_a,
          co_window_corner_a, co_window_corner_a, co_window_of_opportunity_a,
          co_window_corner_a, co_window_paths_b, co_window_unsneaky_path_d,
          co_window_corner_b, co_window_2corner, co_window_broadway_a,
          co_window_4corner_b, glass_columns_b, glass_columns_a,
          glass_columns_b, glass_columns_a, glass_columns_b, skrybe_limestone_x
D:15:     grunt_enter_depths_snipers, layout_rooms, corexii_hall_statues_x,
          minmay_statue_bubble
Temple:   minmay_temple_curvy_branch
Gauntlet: gammafunk_gauntlet_hard_choice [gammafunk_gauntlet_arena_hedges,
          nicolae_gauntlet_arena_quarters, nicolae_gauntlet_arena_flowing_pool,
          nicolae_gauntlet_arena_t_cross, nicolae_gauntlet_arena_blocks,
          gammafunk_gauntlet_arena_crates, gauntlet_exit_watery]

Skill      XL: |  1  2  3  4  5  6  7  8  9 10 11 |
---------------+----------------------------------+-----
Spellcasting   | 1 2 3 4 5 6 8 10 | 10.0
Dodging        | 2 3 5 6 |  6.0
Armour         | 3 6 7 |  7.1
Evocations     | 3 |  3.0
Ranged Weapons | 3 |  3.0
Fighting       | 4 6 |  6.0
Maces & Flails | 3 |  3.0
Stealth        | 7 8 |  8.0
Fire Magic     | 2 3 |  3.5
Conjurations   | 1 3 |  3.2
Poison Magic   | 2 4 |  4.3
Air Magic      | 1 2 |  2.6

Action                     |  1- 3 |  4- 6 |  7- 9 | 10-12 || total
---------------------------+-------+-------+-------+-------++-------
  Melee: Long sword        |    82 |    93 |    11 |       ||   186
         Mace              |     2 |       |       |       ||     2
         Punch             |     1 |     1 |     3 |     4 ||     9
         Whip              |       |       |   125 |   175 ||   300
         Kick              |       |       |       |     4 ||     4
   Fire: Sling             |       |    11 |   108 |       ||   119
         Shortbow          |       |       |    35 |    85 ||   120
  Throw: Dart              |       |       |       |    24 ||    24
   Cast: Mephitic Cloud    |       |       |       |     8 ||     8
Ability: Dig               |       |     1 |       |     3 ||     4
         Shaft Self        |       |       |     3 |     2 ||     5
    Use: Scroll            |       |       |    12 |     4 ||    16
         Potion            |       |       |     1 |    13 ||    14
   Stab: Sleeping          |    11 |    11 |     1 |       ||    23
         Distracted        |       |       |     1 |       ||     1
         Confused          |       |       |       |     2 ||     2
 Armour: Leather armour    |    46 |    46 |   116 |    73 ||   281
         Robe              |       |       |       |    79 ||    79
         Skin              |       |       |       |     3 ||     3
  Dodge: Dodged            |    71 |    61 |   110 |   129 ||   371
  Block: Other             |       |    11 |    35 |    68 ||   114
         Reflection        |       |       |    11 |    11 ||    22

Table legend: (Time is in decaauts)
 A = Elapsed time spent in this place.
 B = Non-inter-level travel time spent in this place.
 C = Inter-level travel time spent in this place.
 D = Time resting spent in this place.
 E = Time spent auto-exploring this place.
 F = Levels seen in this place.
 G = Mean time per level.
                   A        B        C        D        E       F      G
               +--------+--------+--------+--------+--------+-----+--------+
         Total |  11768 |  11223 |    545 |   3170 |   4260 |  18 |  653.8 |
       Dungeon |  10959 |  10418 |    541 |   2895 |   4239 |  15 |  730.6 |
        Temple |     11 |      7 |      4 |      0 |      0 |   1 |   11.0 |
        Bailey |    261 |    261 |      0 |     92 |     21 |   1 |  261.0 |
      Gauntlet |    535 |    535 |      0 |    183 |      0 |   1 |  535.0 |
               +--------+--------+--------+--------+--------+-----+--------+

Top non-repeatable levels by time:
     D:9: 1855 daAuts
     D:8: 1616 daAuts
     D:4: 1234 daAuts
     D:5: 1139 daAuts
     D:6: 1027 daAuts
     D:2: 853 daAuts
     D:1: 805 daAuts
     D:7: 743 daAuts
     D:3: 732 daAuts
Gauntlet: 535 daAuts
    D:11: 429 daAuts
  Bailey: 261 daAuts
    D:13: 196 daAuts
    D:12: 156 daAuts
    D:15: 147 daAuts
